Map: Ephemeron LE

Players

Manjaro - Winner!

  • Race: Protoss Protoss
  • League: Bronze
  • Spawn Location: 5:00

Ratl

  • Race: Protoss Protoss
  • League: Silver
  • Spawn Location: 11:00

VOD

Have the link to the VOD?

Description

Time

  • Played on: Feb. 9, 2020, 2:41 p.m.
  • Length: 9:50
Show
View Real Time Build Order
Export as new Build Order

Manjaro Protoss - Winner!

Build Orders: Oracle Opening 

Get SALT Encoding   

  12  0:10  Pylon  
  13  0:14  Probe (Chrono Boost)  
  13  0:29  Gateway  
  13  0:30  Probe  
  14  0:43  Probe, Assimilator  
  15  0:50  Assimilator  
  15  0:55  Probe  
  16  1:17  Cybernetics Core  
  16  1:19  Forge  
  16  1:22  Probe (Chrono Boost)  
  17  1:31  Probe (Chrono Boost)  
  18  1:36  Probe (Chrono Boost)  
  19  1:44  Pylon  
  19  1:48  Probe  
  20  2:00  Probe (Chrono Boost)  
  21  2:04  Stargate  
  21  2:16  Pylon  
  21  2:24  Photon Cannon  
  21  2:31  Probe  
  22  2:39  Photon Cannon  
  22  2:43  Probe  
  23  2:48  Oracle  
  26  2:58  Photon Cannon  
  26  3:14  Photon Cannon  
  26  3:22  Stalker  
  26  3:23  Oracle (Chrono Boost)  
  31  3:39  Protoss Ground Weapons Level 1  
  31  3:52  Stalker  
  31  3:53  Gateway  
  33  4:02  Pylon  
  33  4:10  Photon Cannon  
  33  4:22  Stalker  
  35  4:30  Void Ray  
  36  5:31  Stalker x2  
  40  5:51  Shield Battery  
  40  5:53  Protoss Ground Armor Level 1  
  40  6:05  Robotics Facility  
  40  6:19  Void Ray  
  40  6:23  Nexus  
  40  6:24  Pylon  
  44  6:26  Pylon  
  44  6:32  Photon Cannon  
  44  6:37  Stalker  
  46  6:54  Assimilator  
  46  6:58  Pylon  
  46  7:02  Void Ray  
  50  7:09  Immortal (Chrono Boost)  
  56  7:15  Sentry  
  56  7:37  Probe (Chrono Boost)  
  57  7:44  Assimilator  
  57  7:47  Probe (Chrono Boost)  
  58  7:52  Probe (Chrono Boost), Twilight Council  
  59  8:03  Probe, Photon Cannon  
  60  8:10  Stalker  
  60  8:11  Stalker  
  64  8:43  Pylon  
  64  8:47  Photon Cannon  
  64  8:50  Probe (Chrono Boost)  
  65  9:00  Probe (Chrono Boost)  
  66  9:04  Probe (Chrono Boost)  
Show
View Real Time Build Order
Export as new Build Order

Ratl Protoss 

Build Orders:  

Get SALT Encoding   

  12  0:01  Probe  
  13  0:18  Probe, Pylon  
  14  0:30  Probe  
  15  0:39  Gateway  
  16  0:42  Probe  
  16  0:54  Assimilator  
  16  0:55  Probe (Chrono Boost)  
  17  1:01  Assimilator  
  18  1:04  Probe (Chrono Boost)  
  18  1:09  Probe (Chrono Boost)  
  19  1:20  Gateway  
  19  1:25  Probe  
  20  1:35  Pylon  
  20  1:38  Probe  
  21  1:48  Cybernetics Core  
  21  1:50  Probe  
  22  2:02  Probe  
  23  2:14  Probe  
  24  2:21  Warp Gate (Chrono Boost)  
  24  2:26  Probe, Stalker x2  
  29  2:38  Probe  
  30  2:50  Probe  
  31  3:04  Pylon  
  31  3:09  Probe  
  31  3:11  Pylon  
  31  3:22  Probe, Stalker x2  
  36  3:34  Probe  
  37  3:47  Probe  
  38  3:59  Probe  
  39  4:08  Nexus  
  39  4:11  Nexus  
  39  4:13  Pylon  
  39  4:21  Robotics Facility  
  39  4:29  Pylon  
  39  4:31  Probe  
  40  4:43  Probe  
  40  4:44  Stalker x2  
  33  4:55  Probe  
  34  5:07  Probe  
  35  5:14  Stalker  
  35  5:18  Stalker  
  35  5:19  Probe  
  35  5:20  Probe  
  39  5:42  Probe (Chrono Boost)  
  40  5:44  Probe (Chrono Boost)  
  40  5:48  Probe (Chrono Boost)  
  40  5:53  Probe (Chrono Boost)  
  40  5:54  Probe (Chrono Boost)  
  43  5:58  Probe (Chrono Boost)  
  43  5:59  Probe x2 (Chrono Boost)  
  43  6:09  Probe (Chrono Boost)  
  46  6:11  Probe (Chrono Boost)  
  46  6:14  Probe (Chrono Boost)  
  46  6:18  Stalker  
  46  6:20  Stalker  
  46  6:21  Probe x2 (Chrono Boost)  
  46  6:22  Probe (Chrono Boost)  
  53  6:31  Probe  
  54  6:33  Probe (Chrono Boost)  
  54  6:34  Probe (Chrono Boost)  
  56  6:40  Assimilator  
  56  6:41  Assimilator  
  56  6:46  Probe (Chrono Boost)  
  59  6:49  Probe (Chrono Boost)  
  59  6:50  Stalker  
  59  6:51  Probe (Chrono Boost)  
  59  6:52  Stalker  
  59  6:53  Probe (Chrono Boost)  
  64  6:56  Probe (Chrono Boost)  
  64  6:57  Probe (Chrono Boost)  
  64  7:00  Probe  
  66  7:05  Observer  
  66  7:07  Probe  
  69  7:09  Probe  
  69  7:13  Probe  
  69  7:15  Stalker  
  73  7:16  Stalker  
  73  7:19  Probe  
  73  7:21  Probe  
  73  7:22  Pylon  
  77  7:25  Gateway  
  77  7:26  Observer  
  77  7:28  Probe  
  79  7:31  Probe  
  79  7:33  Probe  
  81  7:41  Probe  
  81  7:43  Probe  
  83  7:45  Probe, Assimilator  
  83  7:48  Assimilator  
  84  7:53  Probe  
  84  7:54  Gateway, Forge  
  84  7:55  Probe  
  84  7:57  Probe  
  84  7:58  Robotics Bay  
  87  8:00  Twilight Council  
  87  8:05  Probe  
  88  8:07  Probe  
  88  8:09  Probe, Stalker  
  92  8:16  Nexus  
  91  9:20  Pylon  
  91  9:22  Pylon  
  83  9:32  Stalker x4  
  83  9:34  Gateway  
  83  9:37  Pylon, Gateway  
  75  9:39  Pylon  
Tags
 
Matchup
PvP
Spawn Locations
Cross Positions
Add a new tag
Caveats
  • Supply blocks, unpowered buildings, or Contaminate may cause inaccurate times.
  • Supply counts are checked every 10 seconds.